 Dungeon Crawl Stone Soup version 0.26-a0-597-gb535b0901c (webtiles) character file.

Game seed: 14301269683053640305

9 Alarkh the Twirler (level 2, 14/22 HPs)
             Began as a Demonspawn Gladiator on Sept 10, 2020.
             Got out of the dungeon alive.
             The game lasted 00:00:14 (213 turns).

Alarkh the Twirler (Demonspawn Gladiator)            Turns: 213, Time: 00:00:14

Health: 14/22      AC:  3    Str: 14    XL:     2   Next: 3%
Magic:  2/2        EV: 12    Int:  9    God:
Gold:   20         SH:  0    Dex: 14    Spells: 1/1 levels left

rFire    . . .     SeeInvis .   a - +0 quarterstaff
rCold    . . .     Faith    .   (shield currently unavailable)
rNeg     . . .     Spirit   .   b - +0 leather armour
rPois    .         Reflect  .   (helmet restricted)
rElec    .         Harm     .   (no cloak)
rCorr    .                      (no gloves)
MR       .....                  (no boots)
Stlth    +.........             (no amulet)
HPRegen  0.07/turn              (no ring)
MPRegen  0.08/turn              (no ring)

@: no status effects
A: horns 1
a: no special abilities


You escaped.
You visited 1 branch of the dungeon, and saw 1 of its levels.

You collected 20 gold pieces.

Inventory:

Hand Weapons
 a - a +0 quarterstaff (weapon)
Missiles
 d - 3 throwing nets (quivered)
Armour
 b - a +0 leather armour (worn)
 c - a +0 helmet
Scrolls
 f - a scroll of fog {unknown}
 g - a scroll of identify {unknown}
Potions
 e - a potion of haste {unknown}


   Skills:
 - Level 2.0 Fighting
 + Level 3.2 Staves
 - Level 1.7 Throwing
 - Level 2.6 Dodging


You had one spell level left.
You didn't know any spells.
Your spell library was empty.

Dungeon Overview and Level Annotations

Branches:
Dungeon (1/15)

Altars:


Innate Abilities, Weirdness & Mutations

You have a pair of small horns on your head.


Message History

You barely miss the kobold.
The kobold is heavily wounded.
The kobold hits you but does no damage.
You hit the kobold.
The kobold is severely wounded.
The kobold hits you but does no damage.
You hit the kobold.
You kill the kobold!
You have reached level 2!
You feel monstrous as your demonic heritage exerts itself.
Your demonic ancestry asserts itself...
A pair of horns grows on your head!
Your +0 helmet falls away!
There is a large open door here.
There is a large open door here.
There is a large open door here.
There is an open door here.
There is a staircase leading out of the dungeon here.
Are you sure you want to leave the Dungeon?
This will make you lose the game!
You have escaped!

####.......#.......#
###..................#
#....................#
......###.###.......##
......# #.# #.......#
......# #.###########
......# #'##≈≈≈≈≈##
#+#+#####8........##
#>....+.........@..#
....#.###8........##
....#...#'##≈≈≈≈≈##
...)###....########
...................
...#....###.....#####
.#..................#
.+....####..........#
.##.................#


There were no monsters in sight!

Vanquished Creatures
  5 goblins (D:1)
  A frilled lizard (D:1)
  2 kobolds (D:1)
8 creatures vanquished.

Notes
Turn   | Place    | Note
-------+----------+-------------------------------------------
     0 | D:1      | Alarkh the Demonspawn Gladiator began the quest for the
                  | Orb.
     0 | D:1      | Reached XP level 1. HP: 16/16 MP: 1/1
    99 | D:1      | Reached skill level 3 in Staves
   181 | D:1      | Gained mutation: You have a pair of small horns on your
                  | head. [demonic ancestry]
   181 | D:1      | Reached XP level 2. HP: 12/22 MP: 2/2
   213 | D:$      | Got out of the dungeon alive.

Illustrated notes

Levels and vault maps discovered:
D:1:      wander_arrival_chamber, layout_basic, hex_medium, minmay_octomino_e4

Skill      XL: |  1 |
---------------+----+-----
Staves         | 3 |  3.2
Fighting       | |  2.0
Throwing       | |  1.7
Dodging        | |  2.6

Action                   || total
-------------------------++-------
Melee: Quarterstaff      ||    25
Armor: Leather armour    ||     9
Dodge: Dodged            ||    18

Table legend: (Time is in decaauts)
 A = Elapsed time spent in this place.
 B = Non-inter-level travel time spent in this place.
 C = Inter-level travel time spent in this place.
 D = Time resting spent in this place.
 E = Time spent auto-exploring this place.
 F = Levels seen in this place.
 G = Mean time per level.
                   A        B        C        D        E       F      G
               +--------+--------+--------+--------+--------+-----+--------+
         Total |    216 |    186 |     30 |      0 |    141 |   1 |  216.0 |
       Dungeon |    216 |    186 |     30 |      0 |    141 |   1 |  216.0 |
               +--------+--------+--------+--------+--------+-----+--------+

Top non-repeatable levels by time:
     D:1: 216 daAuts
